 Dungeon Crawl Stone Soup version 0.19.0-23-gf02e663 (webtiles) character file.

296 Gargoyl the Skirmisher (level 6, 0/43 HPs)
             Began as a Demonspawn Abyssal Knight on Nov 19, 2016.
             Was a Believer of Lugonu.
             Slain by a gnoll shaman
             ... wielding a +0 whip
              (9 damage)
             ... on level 3 of the Dungeon.
             The game lasted 00:06:51 (3882 turns).

Gargoyl the Skirmisher (Demonspawn Abyssal Knight)  Turns: 3882, Time: 00:06:52

Health: 0/43       AC:  9    Str: 14    XL:     6   Next: 12%
Magic:  6/6        EV:  6    Int: 13    God:    Lugonu [**....]
Gold:   223        SH:  0    Dex: 13    Spells: 0 memorised, 5 levels left

rFire  . . .     SeeInvis .     a - +1 hand axe
rCold  . . .     Gourm    .     d - +0 chain mail
rNeg   . . .     Faith    .     (no shield)
rPois  .         Spirit   .     (no helmet)
rElec  .         Reflect  .     (no cloak)
rCorr  .         Harm     .     (no gloves)
MR     .....                    (no boots)
Stlth  ..........               (no amulet)
                                (no ring)
                                h - ring of stealth

@: no status effects
A: claws 2, frail 1, foul stench 1, low mp 2, screaming 1, rot immunity
a: Depart the Abyss, Bend Space, Renounce Religion


You were on level 3 of the Dungeon.
You worshipped Lugonu.
Lugonu was pleased with you.
You were not hungry.

You visited 1 branch of the dungeon, and saw 4 of its levels.
You visited the Abyss 1 time.

You collected 223 gold pieces.

Inventory:

Hand Weapons
 a - a +1 hand axe (weapon)
Armour
 b - a +0 leather armour
 d - a +0 chain mail (worn)
Jewellery
 h - a ring of stealth (left claw)
Wands
 q - a wand of acid (11/15)
Scrolls
 e - a scroll of teleportation {unknown}
 f - 2 scrolls of random uselessness {unknown}
 g - 4 scrolls of remove curse {unknown}
 j - a scroll of magic mapping {unknown}
 k - 2 scrolls of identify {unknown}
Potions
 m - a potion of beneficial mutation {unknown}
 n - a potion of flight {unknown}
 o - a potion of magic {unknown}
Comestibles
 c - 3 bread rations
 i - 2 beef jerkies
 l - a fruit
 p - a slice of pizza
 r - a meat ration


   Skills:
 + Level 3.9 Fighting
 + Level 3.7 Axes
 * Level 3.7 Armour
 + Level 1.1 Dodging
 * Level 3.4 Invocations


You had 5 spell levels left.
You didn't know any spells.

Dungeon Overview and Level Annotations

Branches:
Dungeon (4/15)
 Temple: D:4-7

Altars:
Dithmenos
Makhleb
Trog


Innate Abilities, Weirdness & Mutations

You have very sharp fingernails.
You may emit foul miasma when damaged in melee.
You are immune to rotting.
You are frail. (-10% HP)
Your magical capacity is very low. (-20% MP)
You occasionally shout uncontrollably at your foes.


Message History

The gnoll shaman is heavily wounded.
You hit the orc but do no damage. The gnoll shaman barely misses you.
The orc hits you but does no damage.
The orc looks sick.
You hit the gnoll shaman.
The gnoll shaman is severely wounded.
You closely miss the orc.
The gnoll shaman mumbles some strange prayers to its god.
The gnoll shaman is healed somewhat.
The orc barely misses you. The gnoll shaman barely misses you.
You hit the gnoll shaman.
The gnoll shaman is heavily wounded.
You hit the orc but do no damage. The orc hits you.
The gnoll shaman hits you with a whip.
* * * LOW HITPOINT WARNING * * *
You hit the gnoll shaman.
The gnoll shaman is heavily wounded.
You closely miss the orc. The orc hits you.
* * * LOW HITPOINT WARNING * * *
The gnoll shaman hits you with a whip!
You die...

### #..<...# #.####..###.#
######.......###.#
#................+
#.####.#.....###.# #.# #.#.#..##
#.# #.# #.#.#..# #.#
###############g####.#.#..####.#
#.............#@................
#.............#o####+#.#..#.....
#.............#.#......#..#.##.#
#.............#.#......#..#.##.#
#.......†.....#.#......#..#.#...
#.............#.#......'..#.#..#
#.............#.#......#..#.#...
#.......†.....'.#......##.#.#.##
#.............###...)..##.#.#.#


You could see a gnoll shaman and an orc.

Vanquished Creatures
  A water moccasin skeleton (D:4)
  A howler monkey (D:4)
  A hound (D:3)
  A centaur skeleton (D:4)
  A hound skeleton (D:4)
  4 adders
  2 oozes (D:1)
  3 worms
  2 dart slugs (D:2)
  A ball python (D:2)
  4 giant cockroaches
  7 goblins
  15 hobgoblins
  9 jackals
  7 bats
  6 frilled lizards
  12 kobolds
  7 rats
84 creatures vanquished.

Notes
Turn   | Place    | Note
-------+----------+-------------------------------------------
     0 | Abyss:1  | Gargoyl the Demonspawn Abyssal Knight began the quest for the Orb.
     0 | Abyss:1  | Reached XP level 1. HP: 18/18 MP: 2/2
    83 | Abyss:1  | Noticed a neqoxec
    90 | Abyss:1  | Gained mutation: You occasionally shout uncontrollably at your foes. [a neqoxec]
    92 | Abyss:1  | Gained mutation: Your magical capacity is low. (-10% MP) [a neqoxec]
    97 | Abyss:1  | Gained mutation: Your magical capacity is very low. (-20% MP) [a neqoxec]
   101 | Abyss:1  | Noticed a kobold demonologist
   104 | Abyss:1  | Gained mutation: You are frail. (-10% HP) [a neqoxec]
   115 | Abyss:1  | Noticed a sixfirhy
   119 | D:1      | Escaped the Abyss
   340 | D:1      | Gained mutation: You are immune to rotting. [demonic ancestry]
   340 | D:1      | Reached XP level 2. HP: 21/21 MP: 3/3
   423 | D:1      | Reached * piety under Lugonu
   988 | D:1      | Reached XP level 3. HP: 22/26 MP: 3/3
  1600 | D:2      | Reached skill level 1 in Dodging
  1656 | D:2      | Gained mutation: You have sharp fingernails. [demonic ancestry]
  1656 | D:2      | Reached XP level 4. HP: 10/32 MP: 4/4
  1665 | D:2      | Reached ** piety under Lugonu
  1953 | D:2      | Found a shadowy altar of Dithmenos.
  2022 | D:2      | Found a bloodstained altar of Trog.
  2433 | D:3      | Found a burning altar of Makhleb.
  2689 | D:3      | Gained mutation: You have very sharp fingernails. [demonic ancestry]
  2689 | D:3      | Reached XP level 5. HP: 37/37 MP: 5/5
  3872 | D:4      | Gained mutation: You may emit foul miasma when damaged in melee. [demonic ancestry]
  3872 | D:4      | Reached XP level 6. HP: 22/43 MP: 6/6
  3882 | D:3      | Slain by a gnoll shaman

Skill      XL: |  1  2  3  4 |
---------------+-------------+-----
Armour         | 2 3 |  3.7
Axes           | 2 3 |  3.7
Dodging        | 1 |  1.1
Invocations    | 3 |  3.4
Fighting       | |  3.9

Action                   |  1- 3 |  4- 6 || total
-------------------------+-------+-------++-------
Melee: Hand axe          |   139 |   195 ||   334
Invok: Depart the Abyss  |     1 |       ||     1
  Use: Potion            |     1 |       ||     1
  Eat: Chunk             |     2 |     6 ||     8
       Fruit             |       |     2 ||     2
Armor: Chain mail        |   121 |   156 ||   277
Dodge: Dodged            |    59 |    86 ||   145
